[Event "World Junior Chess Championship U20 2022"]
[White "Avila Rodriguez, Joshua Ad"]
[Black "Gorshtein, Ido"]
[WhiteFideId "5126444"]
[BlackFideId "2815532"]
[WhiteElo "2225"]
[BlackElo "2471"]
[Result "1/2-1/2"]
[Round "01"]
[TimeControl "5400+30"]
[Date "2022.10.12"]
[WhiteClock "0:01:31"]
[BlackClock "0:23:20"]

1. e4 c6 2. d4 d5 3. e5 Bf5 4. h4 Qc7 5. h5 c5 6. Nc3 cxd4 7. Nb5 Qxe5+ 8. Ne2 Na6 9. Bf4 Qf6 10. Nexd4 Bd7 11. Bg3 Qb6 12. a4 Nf6 13. f3 h6 14. c3 e6 15. a5 Qd8 16. Nd6+ Bxd6 17. Bxd6 Bc6 18. Be5 Nc7 19. Nxc6 bxc6 20. Qa4 Nb5 21. Bxb5 cxb5 22. Qxb5+ Nd7 23. Bd6 a6 24. Qc6 Qc8 25. Qa4 Qb7 26. O-O-O Rc8 27. Qg4 Rg8 28. Rhe1 Nf6 29. Rxe6+ fxe6 30. Qxe6+ Kd8 31. Be5 Qc6 32. Bxf6+ Kc7 33. Be5+ Kb7 34. Qf7+ Ka8 35. Qxd5 Qxd5 36. Rxd5 Rgd8 37. Rxd8 Rxd8 38. Bxg7 Rg8 39. Bxh6 Rxg2 40. Bf8 Rg8 41. Bd6 Rh8 42. b4 Rxh5 43. Kc2 Kb7 44. f4 Kc6 45. Be5 Kd5 46. Kb3 Rh3 47. Bb8 Rf3 48. Bc7 Rg3 49. Be5 Rh3 50. Kc2 Rg3 51. Kd2 Rh3 52. Ke2 Rg3 53. Kf2 Rh3 54. Ke2 Rg3 55. Bd4 Ke4 56. b5 axb5 57. a6 Rg2+ 58. Bf2 Rg6 59. a7 Ra6 60. Bd4 b4 61. Kd2 Ra2+ 62. Kc1 Kd3 63. Kb1 Ra6 64. Kb2 Kc4 65. Be5 bxc3+ 66. Bxc3 Rxa7 67. Be5 Kd3 68. Kc1 Rb7 69. Bd6 Rb5 70. Be5 Rb6 71. Bg7 Rg6 72. Be5 Rg2 73. Bf6 Rc2+ 74. Kb1 Rc6 75. Be5 Kd2 76. Kb2 Rb6+ 1/2-1/2


[Site "http://www.chessbomb.com"]

[Event "World Junior Chess Championship U20 2022"]
[White "Stefansson, Vignir Vatnar"]
[Black "Andreev, Konstantin"]
[WhiteFideId "2308649"]
[BlackFideId "24239305"]
[WhiteElo "2471"]
[BlackElo "2206"]
[Result "1-0"]
[Round "01"]
[TimeControl "5400+30"]
[Date "2022.10.12"]
[WhiteClock "0:13:00"]
[BlackClock "0:05:00"]

1. c4 Nf6 2. Nc3 e5 3. Nf3 Nc6 4. e4 Bc5 5. Nxe5 Nxe5 6. d4 Bb4 7. dxe5 Nxe4 8. Qf3 Nxc3 9. bxc3 Be7 10. Qg3 Kf8 11. Bf4 g5 12. Be3 h5 13. Rd1 b6 14. Qf3 Rb8 15. Bd3 d6 16. Bg6 Qe8 17. Bxh5 dxe5 18. Bg4 Bb7 19. Qg3 Qc6 20. O-O e4 21. f4 exf3 22. Bxf3 Qxc4 23. Bxb7 Rxb7 24. Bxg5 Qc5+ 25. Be3 Qh5 26. Rd7 Rg8 27. Qf4 Qg6 28. Qf3 Rb8 29. Rxc7 Rg7 30. Bd4 Rh7 31. Rc6 Qg5 32. Be3 Qh4 33. Rh6 1-0


[Site "http://www.chessbomb.com"]

[Event "World Junior Chess Championship U20 2022"]
[White "Asllani, Dorian"]
[Black "Nogerbek, Kazybek"]
[WhiteFideId "1341332"]
[BlackFideId "13710427"]
[WhiteElo "2202"]
[BlackElo "2467"]
[Result "0-1"]
[Round "01"]
[TimeControl "5400+30"]
[Date "2022.10.12"]
[WhiteClock "0:12:01"]
[BlackClock "0:58:26"]

1. d4 d6 2. c4 e5 3. d5 a5 4. e4 Na6 5. Nc3 g6 6. Bd3 Nc5 7. Bc2 h5 8. Be3 Bh6 9. Bxc5 dxc5 10. Ba4+ Kf8 11. Qd3 Nf6 12. Nf3 Qe7 13. Rd1 Ra6 14. O-O Kg7 15. Nd2 h4 16. Ne2 Nh5 17. Qc3 Rf6 18. Rde1 Bg4 19. f3 Bc8 20. Rf2 Nf4 21. Nb3 b6 22. Nbc1 Nxe2+ 23. Nxe2 Kg8 24. Ref1 Bg7 25. Qd3 Rd6 26. Nc3 Bh6 27. Kh1 Bf4 28. Kg1 Qg5 29. Ne2 Be3 30. Kh1 Bxf2 31. Rxf2 f5 32. f4 fxe4 33. Qxe4 exf4 34. Rxf4 Bf5 35. Qf3 Kg7 36. Nc3 Qe7 37. h3 Qe1+ 38. Kh2 Qe5 39. Kh1 Rf6 40. Qf2 g5 41. Rf3 Bg6 42. Qe3 Qxe3 43. Rxe3 Rhf8 44. Re5 Rf1+ 45. Kh2 Rc1 46. Re7+ Rf7 47. Rxf7+ Bxf7 48. Bb3 Be8 49. a4 Kf6 50. g3 Ke5 51. Kg2 Bg6 52. gxh4 gxh4 53. Kf3 Rg1 54. Ne2 Be4+ 0-1


[Site "http://www.chessbomb.com"]

[Event "World Junior Chess Championship U20 2022"]
[White "Kosakowski, Jakub"]
[Black "Casadio, Niccolo`"]
[WhiteFideId "1185080"]
[BlackFideId "2827951"]
[WhiteElo "2465"]
[BlackElo "2201"]
[Result "1-0"]
[Round "01"]
[TimeControl "5400+30"]
[Date "2022.10.12"]
[WhiteClock "0:48:56"]
[BlackClock "0:46:05"]

1. e4 e6 2. d4 d5 3. Bd3 dxe4 4. Bxe4 Nf6 5. Bf3 c5 6. Ne2 Nc6 7. Be3 cxd4 8. Nxd4 Ne5 9. Nc3 a6 10. Qe2 Nxf3+ 11. gxf3 Nd5 12. Nxd5 Qxd5 13. O-O-O Qxa2 14. Nb3 Qa4 15. Kb1 Bd7 16. Rhg1 Rc8 17. Rg4 Qb5 18. Qd2 e5 19. Re4 Be6 20. f4 exf4 21. Bxf4 Be7 22. Nd4 Qd5 23. Nxe6 fxe6 24. Qe2 Qf5 25. Rxe6 O-O 26. Rxe7 Qxf4 27. Rdd7 Qg5 28. Rxb7 Rc6 29. Re8 Qg1+ 30. Ka2 Qxf2 31. Qxf2 1-0


[Site "http://www.chessbomb.com"]

[Event "World Junior Chess Championship U20 2022"]
[White "Tan, Jun Ying"]
[Black "Prraneeth, Vuppala"]
[WhiteFideId "5710413"]
[BlackFideId "46622373"]
[WhiteElo "2189"]
[BlackElo "2451"]
[Result "1/2-1/2"]
[Round "01"]
[TimeControl "5400+30"]
[Date "2022.10.12"]
[WhiteClock "0:03:16"]
[BlackClock "0:02:56"]

1. d4 Nf6 2. c4 e6 3. Nc3 Bb4 4. e3 O-O 5. Ne2 c6 6. a3 Ba5 7. Ng3 d5 8. Bd3 dxc4 9. Bxc4 c5 10. O-O cxd4 11. exd4 Nc6 12. Be3 Bb6 13. Nge2 Ng4 14. h3 Nxe3 15. fxe3 Ne7 16. Qd3 Ng6 17. Kh1 Bc7 18. e4 a6 19. e5 b5 20. Qf3 Ra7 21. Bd3 Bb6 22. Rad1 Rd7 23. Bxg6 hxg6 24. Qg4 Bb7 25. Rf4 g5 26. Rff1 Qe7 27. Ne4 f5 28. exf6 gxf6 29. Nc5 f5 30. Qh5 Bxc5 31. Qg6+ Qg7 32. Qxg7+ Rxg7 33. dxc5 g4 34. hxg4 Rxg4 35. Nf4 e5 36. Nd5 Rg7 37. Rf2 f4 38. Rc2 f3 39. gxf3 Rxf3 40. Rg2 Rxg2 41. Kxg2 Rb3 42. Kf1 Bxd5 43. Rxd5 Rxb2 44. Rxe5 Kf7 45. Re3 Rc2 46. Ke1 Kf6 47. Rh3 Ke5 48. Rh6 a5 49. c6 Kd5 50. Rh5+ Kxc6 51. a4 bxa4 52. Rxa5 Rc4 53. Kd2 Kb6 54. Ra8 Kb5 55. Rb8+ Ka5 56. Ra8+ Kb4 57. Rb8+ Ka3 58. Rb7 Ka2 59. Rb8 a3 60. Rb7 Rh4 61. Kc2 Rh3 62. Rb8 Rh2+ 63. Kc1 Rb2 64. Ra8 Rb7 65. Kc2 Rb6 66. Ra7 1/2-1/2


[Site "http://www.chessbomb.com"]

[Event "World Junior Chess Championship U20 2022"]
[White "Ramoutar, Alan-Safar"]
[Black "Brahami, Lamine"]
[WhiteFideId "7704224"]
[BlackFideId "7905637"]
[WhiteElo "2449"]
[BlackElo "2188"]
[Result "1-0"]
[Round "01"]
[TimeControl "5400+30"]
[Date "2022.10.12"]
[WhiteClock "0:00:38"]
[BlackClock "0:00:51"]

1. e4 c5 2. Nf3 d6 3. d4 cxd4 4. Nxd4 Nf6 5. Bb5+ Nbd7 6. Bd3 g6 7. c4 Bg7 8. O-O O-O 9. Nc3 Ne5 10. Be2 Bd7 11. b3 Nc6 12. Be3 Qa5 13. Rc1 Rfc8 14. Nxc6 Bxc6 15. Qd3 Nd7 16. f3 a6 17. Rc2 Nc5 18. Qd2 b5 19. Rfc1 b4 20. Nd5 Bxd5 21. cxd5 Bc3 22. Rxc3 bxc3 23. Rxc3 Qb4 24. Qc1 a5 25. Rc4 Qb7 26. h4 a4 27. b4 Nd7 28. Rc6 Ne5 29. b5 Qd7 30. Bd4 a3 31. h5 Nxc6 32. dxc6 e5 33. Bc4 Qd8 34. Be3 Ra4 35. hxg6 hxg6 36. Bd5 Rb4 37. Bg5 Qb6+ 38. Kh2 Qf2 39. Bf6 Kh7 40. Bxf7 Rh8 41. Qg5 1-0


[Site "http://www.chessbomb.com"]

[Event "World Junior Chess Championship U20 2022"]
[White "Stankovic, Dragan"]
[Black "Stoyanov, Tsvetan"]
[WhiteFideId "14408740"]
[BlackFideId "2917173"]
[WhiteElo "2181"]
[BlackElo "2449"]
[Result "0-1"]
[Round "01"]
[TimeControl "5400+30"]
[Date "2022.10.12"]
[WhiteClock "0:00:41"]
[BlackClock "0:00:35"]

1. e4 c5 2. Nf3 d6 3. d4 cxd4 4. Nxd4 Nf6 5. Nc3 a6 6. Be3 e5 7. Nf3 Be7 8. Bc4 O-O 9. O-O Be6 10. Bxe6 fxe6 11. Na4 Ng4 12. Qd3 Nxe3 13. Qxe3 b5 14. Nc3 Nd7 15. Ne2 Rc8 16. c3 Nb6 17. b3 Rc6 18. Rad1 Qe8 19. Rd3 Qg6 20. Rfd1 Rfc8 21. Nd2 d5 22. Qg3 Qh5 23. Qf3 Qxf3 24. Rxf3 b4 25. Nb1 dxe4 26. Rh3 bxc3 27. Rxc3 Bc5 28. Rdc1 Nd5 29. Rc4 e3 30. f3 Nf4 31. Kf1 Nd3 32. R1c3 Rd8 33. g3 Rcd6 34. Kg2 Bb6 35. Kh3 Ne1 36. f4 Rd2 37. Ng1 Rxa2 38. fxe5 e2 0-1


[Site "http://www.chessbomb.com"]

[Event "World Junior Chess Championship U20 2022"]
[White "Neelash, Saha"]
[Black "Hercegovac, Neven"]
[WhiteFideId "5094160"]
[BlackFideId "2839135"]
[WhiteElo "2446"]
[BlackElo "2175"]
[Result "1-0"]
[Round "01"]
[TimeControl "5400+30"]
[Date "2022.10.12"]
[WhiteClock "1:29:58"]
[BlackClock "0:34:00"]

1. d4 Nf6 2. c4 c5 3. d5 b5 4. cxb5 a6 5. bxa6 g6 6. Nc3 Bg7 7. e4 O-O 8. Bc4 Qa5 9. a7 Nxe4 10. axb8=Q Rxb8 11. Ne2 Nxc3 12. bxc3 Bxc3+ 13. Bd2 Bxd2+ 14. Qxd2 Qb4 15. Qxb4 Rxb4 16. Rc1 e6 17. Nf4 Ra4 18. O-O Bb7 19. dxe6 fxe6 20. Nd3 Ra5 21. Nxc5 d5 22. Nxb7 Ra7 23. Nc5 dxc4 24. Rxc4 Rxa2 25. Nxe6 Re8 26. Re4 Ra6 27. Nc5 Rxe4 28. Nxe4 1-0


[Site "http://www.chessbomb.com"]

[Event "World Junior Chess Championship U20 2022"]
[White "Johannsson, Birkir Isak"]
[Black "Boyer, Mahel"]
[WhiteFideId "2314673"]
[BlackFideId "45102422"]
[WhiteElo "2165"]
[BlackElo "2445"]
[Result "1/2-1/2"]
[Round "01"]
[TimeControl "5400+30"]
[Date "2022.10.12"]
[WhiteClock "0:32:08"]
[BlackClock "0:10:52"]

1. c4 c6 2. Nf3 d5 3. d4 Nf6 4. g3 dxc4 5. Bg2 g6 6. a4 Bg7 7. Na3 Be6 8. Ng5 Bf5 9. Nxc4 h6 10. Nf3 O-O 11. O-O Be4 12. b3 c5 13. Bb2 Na6 14. Rc1 Rc8 15. Qd2 Qd5 16. Rfd1 Rfd8 17. Bh3 Qh5 18. Bxc8 Rxc8 19. Nce5 Bd5 20. Qe3 b6 21. Ba3 Rb8 22. h4 Qf5 23. Qd3 Qxd3 24. Rxd3 Nb4 25. Bxb4 cxb4 26. Nc6 Bxc6 27. Rxc6 a5 28. Ne5 Nd5 29. Nc4 Nc3 30. Rxb6 Rxb6 31. Nxb6 Nxe2+ 32. Kf1 Nc1 33. Rf3 Bxd4 34. Nc4 e5 35. g4 e4 36. Rf4 Nxb3 37. Rxe4 Kf8 38. Kg2 Bc3 39. Re3 Nc5 40. Nxa5 Nxa4 41. Nb3 Nb6 42. Kf3 Nc4 43. Re2 Ne5+ 44. Kf4 Nc4 45. Ke4 Bf6 46. h5 gxh5 47. gxh5 Nd6+ 48. Kd5 Nf5 49. Kc4 Bc3 50. Ra2 Kg7 51. Nc5 Nd6+ 52. Kd5 Ne8 53. Kc4 Nf6 1/2-1/2


[Site "http://www.chessbomb.com"]

[Event "World Junior Chess Championship U20 2022"]
[White "Gurel, Ediz"]
[Black "Atanasov, Anthony"]
[WhiteFideId "44507356"]
[BlackFideId "2623897"]
[WhiteElo "2445"]
[BlackElo "2148"]
[Result "1-0"]
[Round "01"]
[TimeControl "5400+30"]
[Date "2022.10.12"]
[WhiteClock "0:47:49"]
[BlackClock "0:06:24"]

1. e4 e5 2. Nf3 Nf6 3. Nxe5 d6 4. Nf3 Nxe4 5. c4 Nc6 6. d3 Nf6 7. d4 Be7 8. d5 Ne5 9. Nxe5 dxe5 10. Be2 c6 11. Nc3 O-O 12. O-O Bf5 13. dxc6 bxc6 14. Be3 Qc7 15. h3 Rfd8 16. Qc1 a5 17. Na4 Qb8 18. Bb6 Rd7 19. Qe3 e4 20. Bc5 Bxc5 21. Qxc5 Rd2 22. Qe3 Qb4 23. a3 Qd6 24. Rfd1 Rxd1+ 25. Rxd1 Qe7 26. Qc5 Qxc5 27. Nxc5 Kf8 28. g4 Be6 29. Rd6 Rc8 30. g5 Ke7 31. Rd4 Ne8 32. Nxe6 fxe6 33. Rxe4 Rb8 34. Bg4 Nc7 35. Re2 c5 36. f4 g6 37. f5 gxf5 38. Bxf5 Rg8 39. h4 h6 40. g6 h5 41. Bc2 Kd6 42. Kh2 Rf8 43. Rg2 Ne8 44. g7 Rg8 45. Bg6 Ke7 46. Bxe8 Kxe8 47. Rg5 Kf7 48. Rxc5 Rb8 49. Rb5 Rd8 50. Rb7+ Kg8 51. b4 Rd2+ 52. Kg1 axb4 53. axb4 Rc2 54. c5 e5 55. Rc7 Rb2 56. c6 Rxb4 57. Rd7 Rc4 58. c7 1-0


[Site "http://www.chessbomb.com"]

[Event "World Junior Chess Championship U20 2022"]
[White "Cotic, Borna"]
[Black "Kozak, Antoni"]
[WhiteFideId "14542307"]
[BlackFideId "21832030"]
[WhiteElo "2133"]
[BlackElo "2440"]
[Result "0-1"]
[Round "01"]
[TimeControl "5400+30"]
[Date "2022.10.12"]
[WhiteClock "0:18:21"]
[BlackClock "0:45:03"]

1. e4 c5 2. Nf3 d6 3. Bb5+ Nd7 4. d4 cxd4 5. Nxd4 Nf6 6. O-O g6 7. Re1 Bg7 8. Bf1 Nc5 9. f3 O-O 10. c3 e5 11. Nb5 d5 12. Be3 b6 13. exd5 Nxd5 14. Bxc5 bxc5 15. c4 Nb4 16. Qxd8 Rxd8 17. N1c3 Nc2 18. Rad1 Bd7 19. Re2 Nd4 20. Nxd4 cxd4 21. Nd5 f5 22. Ree1 Kf7 23. Bd3 Rac8 24. Re2 Be6 25. Rc2 Bh6 26. Kf1 Kf8 27. Ke2 Kg7 28. Re1 Bxd5 29. cxd5 Rxc2+ 30. Bxc2 Rxd5 31. Kd3 Kf6 32. Bb3 Rc5 33. Bc4 Be3 34. Bb3 h5 35. Rf1 h4 36. Ba4 Bf4 37. Rh1 Bc1 38. b4 Rc3+ 39. Ke2 e4 40. fxe4 fxe4 41. Rf1+ Ke5 42. Rf8 d3+ 43. Kd1 Bg5 44. Ke1 e3 45. Re8+ Kd4 46. Re6 Rc1+ 47. Bd1 e2 48. Rd6+ Ke4 0-1


[Site "http://www.chessbomb.com"]

[Event "World Junior Chess Championship U20 2022"]
[White "Baenziger, Fabian"]
[Black "Sitbon, Itay"]
[WhiteFideId "1330110"]
[BlackFideId "2820706"]
[WhiteElo "2439"]
[BlackElo "2133"]
[Result "1-0"]
[Round "01"]
[TimeControl "5400+30"]
[Date "2022.10.12"]
[WhiteClock "0:08:08"]
[BlackClock "0:24:55"]

1. d4 Nf6 2. c4 a6 3. Nc3 c5 4. d5 b5 5. a3 g6 6. e4 d6 7. cxb5 Bg7 8. Nf3 O-O 9. bxa6 e6 10. Be2 Nxa6 11. O-O exd5 12. exd5 Re8 13. Re1 Ne4 14. Bd2 Nxd2 15. Qxd2 Bg4 16. h3 Bxf3 17. Bxf3 Qb6 18. Be2 Nc7 19. Bc4 Reb8 20. Rab1 Re8 21. Rbc1 Rab8 22. b3 Qa5 23. a4 Rxe1+ 24. Qxe1 Re8 25. Qd2 Bd4 26. Rc2 Kg7 27. Ne2 Qxd2 28. Rxd2 Bf6 29. g3 Ra8 30. Kg2 Ne8 31. Bb5 Nc7 32. Bc4 Ne8 33. f4 Bd8 34. g4 Ba5 35. Rd3 Nc7 36. Kf3 Re8 37. Ng3 Rd8 38. Re3 Re8 39. Ne4 Rd8 40. g5 h6 41. h4 hxg5 42. hxg5 Kf8 43. Nf6 Ne8 44. Bb5 Ng7 45. Nd7+ Kg8 46. Re7 Bc3 47. Bd3 Bd2 48. Kg4 Bc3 49. f5 gxf5+ 50. Bxf5 Bd4 51. g6 fxg6 52. Bxg6 Ra8 53. Bf7+ Kh8 54. Re1 c4 55. bxc4 Rxa4 56. Rh1+ Nh5 57. Bxh5 Rxc4 58. Bg6+ Kg7 59. Kf5 Bb2 60. Rh7+ Kg8 61. Nf6+ Bxf6 62. Kxf6 Rc8 63. Rd7 Ra8 64. Bf7+ Kf8 65. Be6 Ke8 66. Rg7 1-0


[Site "http://www.chessbomb.com"]

[Event "World Junior Chess Championship U20 2022"]
[White "Urbani, Gabriel"]
[Black "Ghimpu, Samuel-Timotei"]
[WhiteFideId "2830138"]
[BlackFideId "1238175"]
[WhiteElo "2129"]
[BlackElo "2434"]
[Result "0-1"]
[Round "01"]
[TimeControl "5400+30"]
[Date "2022.10.12"]
[WhiteClock "0:27:47"]
[BlackClock "0:28:05"]

1. e4 c5 2. Nf3 e6 3. d4 cxd4 4. Nxd4 Nf6 5. Nc3 Nc6 6. a3 Be7 7. Be3 O-O 8. Be2 d6 9. O-O e5 10. Nb3 Be6 11. f4 exf4 12. Bxf4 Rc8 13. Kh1 Re8 14. Nd4 Ne5 15. Nxe6 fxe6 16. Bxe5 dxe5 17. Bb5 Rf8 18. Qe2 Bc5 19. Bc4 Qe8 20. Rad1 a6 21. Nb1 h5 22. b4 Bd4 23. c3 Qc6 24. Bb3 Ba7 25. Nd2 Rce8 26. Rc1 Ng4 27. Nf3 Rf4 28. Ng5 Be3 29. Rxf4 Bxf4 30. Nxe6 Rxe6 31. Rf1 Kh7 32. Bxe6 Qxe6 33. g3 Bh6 34. Qf3 Qc6 35. Re1 Bd2 36. Re2 Qxc3 37. Qf5+ Kh6 38. Qe6+ Kh7 39. Qf5+ Kh6 40. Qe6+ Nf6 41. Rf2 Bg5 42. h4 Qe1+ 43. Kg2 Qxe4+ 44. Kh2 Kh7 45. Qf5+ Qxf5 46. Rxf5 Bc1 0-1


[Site "http://www.chessbomb.com"]

[Event "World Junior Chess Championship U20 2022"]
[White "Harshavardhan, G B"]
[Black "Gagic, Milan A"]
[WhiteFideId "25059009"]
[BlackFideId "979805"]
[WhiteElo "2433"]
[BlackElo "2125"]
[Result "1-0"]
[Round "01"]
[TimeControl "5400+30"]
[Date "2022.10.12"]
[WhiteClock "0:03:38"]
[BlackClock "0:01:43"]

1. e4 e6 2. d4 d5 3. Nc3 Nf6 4. e5 Nfd7 5. f4 c5 6. Nf3 Nc6 7. Be3 Qb6 8. Na4 Qa5+ 9. c3 b6 10. Bd2 c4 11. b4 Nxb4 12. cxb4 Bxb4 13. Rc1 Bxd2+ 14. Nxd2 b5 15. Nc3 b4 16. Nce4 O-O 17. Nd6 Qxa2 18. Be2 Nb6 19. O-O b3 20. Nb1 Bd7 21. Rc3 Na4 22. Rh3 Qb2 23. Rf2 Qa1 24. Bf1 g6 25. Rh4 c3 26. f5 exf5 27. Qc1 h5 28. Rxh5 f4 29. Rxf4 gxh5 30. Rf6 Qxb1 31. Qg5+ Qg6 32. Rxg6+ fxg6 33. Qxg6+ Kh8 34. Bd3 Bf5 35. Nxf5 1-0


[Site "http://www.chessbomb.com"]

[Event "World Junior Chess Championship U20 2022"]
[White "Ballesteros Cardenas, Leonardo"]
[Black "Olsen, Filip Boe"]
[WhiteFideId "3428141"]
[BlackFideId "1440640"]
[WhiteElo "2121"]
[BlackElo "2433"]
[Result "1-0"]
[Round "01"]
[TimeControl "5400+30"]
[Date "2022.10.12"]
[WhiteClock "0:01:58"]
[BlackClock "0:12:16"]

1. d4 Nf6 2. c4 e6 3. Nc3 Bb4 4. e3 O-O 5. Bd3 c5 6. Nf3 b6 7. a3 Bxc3+ 8. bxc3 Bb7 9. O-O Ne4 10. Qc2 f5 11. Nd2 Nxd2 12. Bxd2 Nc6 13. Rad1 Rc8 14. f3 Na5 15. e4 fxe4 16. fxe4 Ba6 17. Rxf8+ Qxf8 18. Rf1 Qe7 19. e5 h6 20. Bxh6 gxh6 21. Rf6 Rf8 22. Bh7+ Kh8 23. Rxh6 Qg5 24. Rh3 Rf4 25. Bd3+ Kg8 26. Qe2 Rg4 27. Qf1 Rf4 28. Qe2 Kf8 29. Qe3 Bxc4 30. Rf3 Bxd3 31. Rxf4+ Bf5 32. dxc5 Ke8 33. cxb6 axb6 34. h4 Qg7 35. Rb4 Nc6 36. Rxb6 Nxe5 37. a4 Nc6 38. h5 Qg4 39. Qf3 Qxa4 40. h6 Qh4 41. Qe3 Qg4 42. Ra6 Be4 43. Ra2 Ne5 44. Re2 Nf3+ 45. Kf1 Ng5 46. Qd4 Qh4 47. Qh8+ Ke7 48. Qg7+ Nf7 49. Rxe4 Qxe4 50. h7 Qh4 51. Ke2 Qf6 52. h8=Q 1-0


[Site "http://www.chessbomb.com"]

[Event "World Junior Chess Championship U20 2022"]
[White "Moksh, Amit Doshi"]
[Black "Gov, Guy"]
[WhiteFideId "25064967"]
[BlackFideId "2820200"]
[WhiteElo "2430"]
[BlackElo "2121"]
[Result "1-0"]
[Round "01"]
[TimeControl "5400+30"]
[Date "2022.10.12"]
[WhiteClock "0:41:47"]
[BlackClock "0:20:24"]

1. d4 Nf6 2. c4 e6 3. Nf3 d5 4. Nc3 Nbd7 5. Qc2 dxc4 6. e4 Nb6 7. Be2 Bb4 8. O-O h6 9. Bf4 Bxc3 10. bxc3 O-O 11. Ne5 Qe7 12. a4 Nfd7 13. a5 Nxe5 14. axb6 Ng6 15. Rxa7 Rxa7 16. bxa7 Qa3 17. Bxc7 Qxa7 18. Qb2 b5 19. Bd6 Rd8 20. Qxb5 Qb7 21. Qxb7 Bxb7 22. Bc5 Bxe4 23. Bxc4 Rb8 24. Re1 Bc6 25. f3 Rb2 26. Bf1 Nh4 27. Re2 Rb1 28. c4 Rd1 29. Ra2 Nf5 30. Kf2 Nxd4 31. Ra6 Bd7 32. Rd6 Nb3 33. Rxd1 Nxc5 34. Ke3 Kf8 35. Kd4 Ba4 36. Rb1 Nb3+ 37. Kc3 Ke7 38. Rxb3 1-0


[Site "http://www.chessbomb.com"]

[Event "World Junior Chess Championship U20 2022"]
[White "Carroll, Peter"]
[Black "Petriashvili, Nikoloz"]
[WhiteFideId "2510243"]
[BlackFideId "13611216"]
[WhiteElo "2115"]
[BlackElo "2428"]
[Result "0-1"]
[Round "01"]
[TimeControl "5400+30"]
[Date "2022.10.12"]
[WhiteClock "0:24:07"]
[BlackClock "1:25:40"]

1. d4 d5 2. Nc3 Nf6 3. Bf4 c5 4. e3 cxd4 5. exd4 a6 6. Nf3 Nc6 7. Ne5 e6 8. Nxc6 bxc6 9. Na4 Bd6 10. Bxd6 Qxd6 11. c3 O-O 12. Be2 a5 13. O-O Ba6 14. Nc5 Bxe2 15. Qxe2 Rfb8 16. Rfb1 Nd7 17. b4 axb4 18. cxb4 Nxc5 19. bxc5 Qf4 20. Qe3 Rxb1+ 21. Rxb1 g5 22. Rb2 Ra4 23. g3 Qxe3 24. fxe3 g4 25. h3 h5 26. hxg4 hxg4 27. Kf1 Kg7 28. Rb6 Rxa2 29. Rxc6 Rc2 30. Rc8 Kf6 31. Rg8 Kf5 32. Rg7 f6 33. Rf7 e5 34. Rd7 Ke4 35. Rd6 exd4 36. exd4 Kxd4 37. Rxf6 Ke3 38. c6 d4 39. Re6+ Kf3 40. Rf6+ Kxg3 41. Rd6 Kf3 42. Ke1 g3 43. Rxd4 Rxc6 44. Rd3+ Kg2 45. Rd8 Re6+ 46. Kd2 Kg1 47. Rd7 g2 48. Rd8 Rh6 0-1


[Site "http://www.chessbomb.com"]

[Event "World Junior Chess Championship U20 2022"]
[White "Droin, Augustin"]
[Black "Tripodi, Enzo"]
[WhiteFideId "45105987"]
[BlackFideId "2822674"]
[WhiteElo "2416"]
[BlackElo "2113"]
[Result "1-0"]
[Round "01"]
[TimeControl "5400+30"]
[Date "2022.10.12"]
[WhiteClock "0:23:55"]
[BlackClock "0:01:23"]

1. e4 c5 2. Nf3 d6 3. d4 cxd4 4. Nxd4 Nf6 5. Nc3 a6 6. Bd3 e5 7. Nde2 b5 8. Ng3 Be6 9. O-O Be7 10. a4 b4 11. Nd5 Nc6 12. Bc4 Na5 13. Nxf6+ Bxf6 14. Bd5 Rc8 15. Bxe6 fxe6 16. Qd3 O-O 17. Bd2 Qb6 18. b3 Rf7 19. Rac1 g6 20. c4 bxc3 21. Rxc3 Rxc3 22. Qxc3 Nxb3 23. Rb1 Rb7 24. Nf1 d5 25. Bh6 g5 26. Qc8+ Kf7 27. h4 gxh4 28. exd5 exd5 29. Ne3 Qc7 30. Qf8+ Ke6 31. Qe8+ Kd6 32. Bf8+ Be7 33. Bxe7+ Ke6 34. Bd8+ 1-0


[Site "http://www.chessbomb.com"]

[Event "World Junior Chess Championship U20 2022"]
[White "Djurovic, Peko"]
[Black "Sokolovsky, Yahli"]
[WhiteFideId "16503902"]
[BlackFideId "2820242"]
[WhiteElo "2084"]
[BlackElo "2416"]
[Result "0-1"]
[Round "01"]
[TimeControl "5400+30"]
[Date "2022.10.12"]
[WhiteClock "0:13:31"]
[BlackClock "0:08:16"]

1. e4 e5 2. Nf3 Nc6 3. d4 exd4 4. Bc4 Bc5 5. Ng5 Nh6 6. Nxf7 Nxf7 7. Bxf7+ Kxf7 8. Qh5+ g6 9. Qxc5 d6 10. Qb5 a6 11. Qd3 Be6 12. O-O Qh4 13. f4 Rhe8 14. Nd2 Nb4 15. Qe2 Qh5 16. Nf3 Kg8 17. a3 Nc6 18. Qd3 Qb5 19. Re1 Re7 20. Qd2 Rae8 21. Qf2 d3 22. c3 Bg4 23. Nd2 Be2 24. b4 Qa4 25. h3 Rf7 26. Qe3 Ref8 27. g3 Qb5 28. c4 Qh5 29. Kg2 Re8 30. Bb2 g5 31. f5 g4 32. hxg4 Qxg4 33. Qf4 Ne5 34. Bxe5 Rxe5 35. Qxg4+ Bxg4 36. Kf2 Be2 37. Rh1 c6 38. g4 Rg7 39. Rag1 d5 40. cxd5 cxd5 41. Ke3 dxe4 42. f6 Rxg4 43. Rxg4+ Bxg4 44. Kf4 e3 45. Nc4 Re6 46. Nxe3 d2 0-1


[Site "http://www.chessbomb.com"]

[Event "World Junior Chess Championship U20 2022"]
[White "Siddharth, Jagadeesh"]
[Black "Javornik, Nik"]
[WhiteFideId "5818320"]
[BlackFideId "14636549"]
[WhiteElo "2415"]
[BlackElo "2064"]
[Result "1-0"]
[Round "01"]
[TimeControl "5400+30"]
[Date "2022.10.12"]
[WhiteClock "0:25:23"]
[BlackClock "0:33:48"]

1. d4 Nf6 2. c4 g6 3. Nc3 Bg7 4. e4 d6 5. Be2 O-O 6. Be3 a5 7. h4 a4 8. h5 c5 9. h6 Bh8 10. dxc5 Qa5 11. cxd6 Nxe4 12. dxe7 Re8 13. Bd4 Nc6 14. Bxh8 Kxh8 15. Qd5 Nxc3 16. Qxa5 Rxa5 17. bxc3 Re5 18. O-O-O R5xe7 19. Rd2 Kg8 20. Kd1 Ne5 21. Rh4 g5 22. Rhd4 Re6 23. Rd8 Kf8 24. Rxe8+ Kxe8 25. Rd5 f5 26. Nh3 Nf7 27. Bh5 Rxh6 28. Bxf7+ Kxf7 29. Nxg5+ Kf6 30. f4 Rh1+ 31. Kc2 h6 32. Nf3 Be6 33. Rd6 Ke7 34. Rd4 Rf1 35. Kb2 Rf2+ 36. Rd2 Rf1 37. Ne5 h5 38. g3 Kf6 39. Rh2 Rg1 40. Rxh5 Rg2+ 41. Ka3 Rxg3 42. Rh6+ Ke7 43. Rh7+ Kd6 44. Rxb7 Rxc3+ 45. Kxa4 Kc5 46. Re7 Kd6 47. Ra7 Kc5 48. Ra6 Bxc4 49. Rc6+ Kd4 50. Kb4 Kd5 1-0


[Site "http://www.chessbomb.com"]

[Event "World Junior Chess Championship U20 2022"]
[White "Pennica, Andrea"]
[Black "Milikow, Yoav"]
[WhiteFideId "2816828"]
[BlackFideId "2822237"]
[WhiteElo "2037"]
[BlackElo "2412"]
[Result "0-1"]
[Round "01"]
[TimeControl "5400+30"]
[Date "2022.10.12"]
[WhiteClock "0:41:02"]
[BlackClock "1:21:26"]

1. e4 e5 2. Nf3 Nc6 3. Nc3 Nf6 4. d4 exd4 5. Nxd4 Bb4 6. Nxc6 bxc6 7. Bd3 d5 8. exd5 O-O 9. O-O Bg4 10. f3 Bh5 11. Bg5 Qd6 12. Qe1 Nxd5 13. Ne4 Bxe1 14. Nxd6 Bb4 15. Nc4 Rfe8 16. c3 Bc5+ 17. Kh1 f6 18. Bd2 Rad8 19. Rad1 Nb6 20. Nxb6 Rxd3 21. Na4 Bd6 22. Bc1 Rxd1 23. Rxd1 Bg6 24. b3 Bb1 25. c4 Bxa2 26. c5 Bxb3 27. Rf1 Bf8 28. Nc3 Bxc5 29. Ne4 Bb6 30. Ba3 f5 31. Nc5 Bc4 32. Rd1 Re3 33. Bb4 a5 0-1


[Site "http://www.chessbomb.com"]

[Event "World Junior Chess Championship U20 2022"]
[White "Veiga, Jose Francisco R P Neves"]
[Black "Candian, Lorenzo"]
[WhiteFideId "1930087"]
[BlackFideId "2863664"]
[WhiteElo "2409"]
[BlackElo "2022"]
[Result "1-0"]
[Round "01"]
[TimeControl "5400+30"]
[Date "2022.10.12"]
[WhiteClock "0:22:21"]
[BlackClock "0:22:36"]

1. Nf3 Nf6 2. g3 g6 3. Bg2 c5 4. O-O Bg7 5. c4 Nc6 6. Nc3 d5 7. cxd5 Nxd5 8. Nxd5 Qxd5 9. d3 O-O 10. a3 Rd8 11. Be3 Bxb2 12. Rb1 Bxa3 13. Nd4 Qh5 14. Nxc6 bxc6 15. Qa4 Bb4 16. Bxc6 Rb8 17. Bf3 Bg4 18. Bxg4 Qxg4 19. Bxc5 a5 20. Bxe7 Re8 21. Bd6 Rbc8 22. e3 Qe2 23. Bxb4 axb4 24. d4 Rxe3 25. fxe3 Rc2 26. Qe8+ Kg7 27. Qxf7+ Kh6 28. Qf8+ Kg5 29. Qf4+ Kh5 30. Qh4# 1-0


[Site "http://www.chessbomb.com"]